 Dungeon Crawl Stone Soup version 0.25-a0-576-g50b708a4c4 (webtiles) character file.

Game seed: 3038035999065759074, levelgen mode: deterministic

383 Forecaster the Magician (level 6, -1/51 HPs)
             Began as a Naga Wizard on Mar 1, 2020.
             Was an Initiate of Fedhas.
             Slain by a centaur (2 damage)
             ... on level 5 of the Dungeon.
             The game lasted 00:27:49 (4106 turns).

Forecaster the Magician (Naga Wizard)               Turns: 4106, Time: 00:27:51

Health: -1/51      AC: 10    Str:  7 (10) XL:     6   Next: 76%
Magic:  3/13       EV:  7    Int: 16 (19) God:    Fedhas [......]
Gold:   176        SH:  0    Dex:  8 (10) Spells: 9/14 levels left

rFire    x . .     SeeInvis +   u - +5 trident (freeze)
rCold    + . .     Gourm    .   (no shield)
rNeg     + . .     Faith    .   x - +0 leather armour
rPois    +         Spirit   .   b - +1 hat
rElec    .         Reflect  .   (no cloak)
rCorr    .         Harm     .   (no gloves)
MR       .....                  c - +2 naga barding
Stlth    ++........             G - amulet of inaccuracy (curse)
HPRegen  0.17/turn              r - ring of positive energy
MPRegen  0.13/turn              t - ring of ice

@: very slightly contaminated, very slow
A: large, see invisible, deformed body, poison resistance, slowness 2, slow
metabolism 1, spit poison 1, AC +2
a: Spit Poison, Renounce Religion


You were on level 5 of the Dungeon.
You worshipped Fedhas.
Fedhas was noncommittal.
You were not hungry.

You visited 1 branch of the dungeon, and saw 5 of its levels.

You collected 248 gold pieces.
You spent 72 gold pieces at shops.

Inventory:

Hand Weapons
 g - a +0 club
 j - a +0 quarterstaff
 l - a +0 hunting sling
 n - a -1 quarterstaff
 p - a +1 dagger
 u - a +5 trident of freezing (weapon)
 A - a +0 scythe
 C - a +0 hand crossbow
 E - a +1 dagger of protection
 F - a +1 mace of protection
Missiles
 k - 12 arrows
 o - 174 stones (quivered)
 q - 21 bolts
 w - 6 javelins
 z - 8 silver javelins
Armour
 a - a +0 robe
 b - a +1 hat (worn)
 c - a +2 naga barding (worn)
 m - a +0 robe
 x - a +0 leather armour (worn)
 H - a +0 leather armour
Jewellery
 i - an uncursed amulet of rage
 r - a ring of positive energy (left hand)
 t - a ring of ice (right hand)
 v - an uncursed amulet of the acrobat
 G - a cursed amulet of inaccuracy (around neck)
Wands
 D - a wand of paralysis (1)
Scrolls
 h - 3 scrolls of identify
 s - a scroll of amnesia
 y - a scroll of noise {unknown}
Potions
 e - 2 potions of curing
 B - a potion of flight
Comestibles
 d - 7 rations
 f - a chunk of flesh


   Skills:
 + Level 1.3 Fighting
 + Level 0.9(1.4) Polearms
 + Level 1.7(1.9) Staves
 + Level 0.9 Armour
 + Level 2.0 Dodging
 + Level 4.1 Stealth
 + Level 4.6 Spellcasting
 + Level 2.5 Conjurations
 + Level 2.4 Summonings
 + Level 1.0 Translocations


You had 9 spell levels left.
You knew the following spells:

 Your Spells              Type           Power        Failure   Level  Hunger
a - Magic Dart            Conj           ##..         9%          1    None
b - Call Imp              Summ           ##......     13%         2    ##.....
c - Blink                 Tloc           N/A          22%         2    ##.....

Your spell library contained the following spells:

 Spells                   Type           Power        Failure   Level  Hunger
 Slow                     Hex            #.......     34%         2    ##.....
 Conjure Flame            Conj/Fire      #.......     38%         3    ###....
 Mephitic Cloud           Conj/Pois/Air  #.......     43%         3    ###....


Dungeon Overview and Level Annotations

Branches:
Dungeon (5/15)
 Temple: D:4-7

Altars:
Fedhas
Ru
Wu Jian
Yredelemnul
The Shining One

Shops:
D:4 !


Innate Abilities, Weirdness & Mutations

You cannot wear boots.
Your serpentine skin is tough. (AC +2)
You have supernaturally acute eyesight. (SInv)
Armour fits poorly on your strangely shaped body.
Your system is resistant to poisons. (rPois)
You cover ground very slowly.
You have a slow metabolism.
You can spit poison.


Message History

You see here 3 arrows.
The centaur misses your crimson imp. The centaur hits your crimson imp!
Your crimson imp blinks! x2
The centaur closely misses you. x2
The centaur hits you.
* * * LOW HITPOINT WARNING * * *
The centaur barely misses you.
Unknown command.
Casting: Call Imp (safe; 13% risk of failure)
Confirm with . or Enter, or press ? or * to list all spells.
You blink.
Casting: Blink (safe; 22% risk of failure)
Confirm with . or Enter, or press ? or * to list all spells.
You miscast Blink.
You are very lightly contaminated with residual magic.
Nothing appears to happen.
The centaur closely misses you.
The centaur hits you but does no damage.
The centaur hits you.
You die...
Fedhas appreciates your contribution to the ecosystem.

........# ....... .5..>...#
.......
#.......######.......
#.....5.(?.§..5......
######.######....... #.#
##....... #.# ##........
#<.##########c####.<.......
#$...........@...÷...#####.
#.################...#
#####


You could see a centaur (berserk) and a friendly crimson imp.

Vanquished Creatures
  A howler monkey (D:4)
  2 hounds
  An orc wizard (D:3)
  Natasha (twice) (D:4)
  Ijyb (D:3)
  A worker ant (D:4)
  4 adders
  An ooze (D:2)
  A worm (D:4)
  2 leopard geckos
  3 orcs (D:3)
  4 giant cockroaches
  10 goblins
  4 hobgoblins
  5 jackals (D:3)
  A quokka (D:3)
  4 ball pythons
  2 bats (D:3)
  4 frilled lizards
  3 kobolds
  5 rats
61 creatures vanquished.

Vanquished Creatures (collateral kills)
  A hound (D:4)
  Terence (D:3)
  Natasha (D:4)
  An adder (D:2)
  An ooze (D:3)
  An orc (D:4)
  A ball python (D:4)
  A bat (D:2)
  2 giant cockroaches
  4 goblins
  2 hobgoblins (D:2)
  7 jackals
  A quokka (D:2)
  A kobold (D:2)
  A quokka skeleton (D:4)
26 creatures vanquished.

Grand Total: 87 creatures vanquished

Notes
Turn   | Place    | Note
-------+----------+-------------------------------------------
     0 | D:1      | Forecaster the Naga Wizard began the quest for the Orb.
     0 | D:1      | Reached XP level 1. HP: 15/15 MP: 4/4
   310 | D:1      | Reached XP level 2. HP: 22/22 MP: 1/6
   314 | D:1      | Learned a level 2 spell: Call Imp
   317 | D:1      | Learned a level 2 spell: Blink
  1139 | D:2      | Reached XP level 3. HP: 17/28 MP: 6/8
  1157 | D:2      | Found a glowing golden altar of the Shining One.
  1458 | D:2      | Reached XP level 4. HP: 25/36 MP: 8/10
  1803 | D:3      | Noticed Terence
  1870 | D:3      | Killed Terence
  1989 | D:3      | Reached skill level 1 in Staves
  2279 | D:3      | Found an ornate altar of the Wu Jian Council.
  2436 | D:3      | Reached XP level 5. HP: 42/42 MP: 5/11
  2542 | D:3      | Noticed Ijyb
  2574 | D:3      | Paralysed by Ijyb for 2 turns
  2579 | D:3      | Killed Ijyb
  2898 | D:3      | Found a blossoming altar of Fedhas.
  2904 | D:3      | Became a worshipper of Fedhas Madash
  3039 | D:3      | Found a basalt altar of Yredelemnul.
  3217 | D:4      | Noticed Natasha
  3223 | D:4      | Killed Natasha
  3228 | D:4      | Found Roschaa's Distillery.
  3300 | D:4      | Reached XP level 6. HP: 50/50 MP: 6/12
  3318 | D:4      | Reached skill level 1 in Fighting
  3614 | D:4      | Noticed Natasha
  3644 | D:4      | Killed Natasha
  3750 | D:4      | Noticed Natasha
  3799 | D:4      | Killed Natasha
  3806 | D:4      | Found a sacrificial altar of Ru.
  4012 | D:4      | Bought 2 potions of curing for 72 gold pieces
  4041 | D:5      | Entered Level 5 of the Dungeon
  4104 | D:5      | HP: 1/51 [centaur (6)]
  4106 | D:5      | Slain by a centaur

Levels and vault maps discovered:
D:1:      lemuel_arrival_cross, layout_basic
D:2:      minmay_alternating_diamond, layout_basic, tso_oasis_becter
D:3:      kennysheep_goblin_castle, layout_basic,
          nicolae_overflow_crystal_walls, fedhas_altar_4, marbit_many_paths,
          uniq_terence
D:4:      layout_basic, hangedman_ru_absence, first_ration, serial_shops,
          nicolae_shop_stone, minivault_4, chequers_mini_garden,
          minmay_diced_spiral, uniq_natasha
D:5:      minmay_diamond_boxcup, layout_loops_ring, serial_shops, shop

Skill      XL: |  1  2  3  4  5  6 |
---------------+-------------------+-----
Spellcasting   | 4 |  4.6
Staves         | 1 |  1.7
Summonings     | 2 |  2.4
Fighting       | 1 |  1.3
Stealth        | 4 |  4.1
Dodging        | 2 |  2.0
Conjurations   | 2 |  2.5
Polearms       | |  0.9
Armour         | |  0.9
Translocations | |  1.0

Action                   |  1- 3 |  4- 6 || total
-------------------------+-------+-------++-------
Melee: Club              |     3 |       ||     3
       Quarterstaff      |    30 |    64 ||    94
       Trident           |       |    72 ||    72
 Cast: Magic Dart        |    32 |    57 ||    89
       Call Imp          |     5 |    32 ||    37
       Blink             |       |     1 ||     1
  Use: Scroll            |     4 |     6 ||    10
       Potion            |       |     4 ||     4
 Stab: Sleeping          |       |     4 ||     4
       Distracted        |       |     1 ||     1
  Eat: Chunk             |     1 |     8 ||     9
Armor: Robe              |     4 |    17 ||    21
       Leather armour    |       |    71 ||    71
Dodge: Dodged            |    22 |    94 ||   116

Table legend:
 A = Non-vault XP
 B = Vault XP
 C = Vault XP percentage of total XP
 D = Non-vault monster count
 E = Vault monster count
 F = Vault count percentage of total count
                 A         B        C        D         E       F
            +---------+---------+-------+---------+---------+-------
      Total |     375 |     173 |  31.6 |      65 |      22 |  25.3
            +---------+---------+-------+---------+---------+-------
        D:1 |      18 |       0 |   0.0 |      11 |       0 |   0.0
        D:2 |      72 |       4 |   5.3 |      14 |       3 |  17.6
        D:3 |     101 |      61 |  37.7 |      24 |      14 |  36.8
        D:4 |     141 |     108 |  43.4 |      12 |       5 |  29.4
        D:5 |      43 |       0 |   0.0 |       4 |       0 |   0.0
            +---------+---------+-------+---------+---------+-------
